 Dungeon Crawl Stone Soup version 0.18.1-8-gdd0e5ea (webtiles) character file.

95 manyhoops the Cudgeler (level 4, 0/75 HPs)
             Began as an Ogre Berserker on May 30, 2016.
             Was a Believer of Trog.
             Slain by an orc
             ... wielding a +0 dagger
              (2 damage)
             ... on level 3 of the Dungeon.
             The game lasted 00:02:15 (1833 turns).

manyhoops the Cudgeler (Ogre Berserker)             Turns: 1833, Time: 00:02:16

Health: 0/75       AC:  7    Str: 28    XL:     4   Next: 65%
Magic:  4/4        EV: 10    Int:  6    God:    Trog [**....]
Gold:   103        SH:  0    Dex:  9    Spells: 0 memorised, 3 levels left

rFire  . . .     SeeInvis .     a - +1 mace
rCold  . . .     Gourm    .     h - +0 robe
rNeg   . . .     Faith    .     (no shield)
rPois  .         Spirit   .     (helmet restricted)
rElec  .         Dismiss  .     (no cloak)
rCorr  .         Reflect  .     (gloves unavailable)
SustAt +         Harm     .     (boots unavailable)
MR     ++...                    (no amulet)
Stlth  ..........               i - +4 ring of protection
                                f - ring of sustain attributes

@: berserking, regenerating, very quick, very resistant to hostile enchantments,
extremely unstealthy
A: unfitting armour, tough skin 1
a: Berserk, Trog's Hand, Burn Spellbooks, Renounce Religion


You were on level 3 of the Dungeon.
You worshipped Trog.
Trog was pleased with you.
You were hungry.

You visited 1 branch of the dungeon, and saw 3 of its levels.

You collected 103 gold pieces.

Inventory:

Hand Weapons
 a - a +1 mace (weapon)
Armour
 h - a +0 robe (worn)
Jewellery
 f - a ring of sustain attributes (left hand)
 i - a +4 ring of protection (right hand)
Scrolls
 d - 2 scrolls of identify {unknown}
 e - a scroll of remove curse
 g - 2 scrolls of enchant weapon
 k - 2 scrolls of teleportation {unknown}
 m - a scroll of amnesia {unknown}
 n - a scroll of random uselessness {unknown}
Potions
 j - a potion of berserk rage {unknown}
 l - 2 potions of flight {unknown}
 o - a potion of curing {unknown}
 p - a potion of might {unknown}
Comestibles
 b - a beef jerky
 c - 2 bread rations


   Skills:
 + Level 5.2 Fighting
 * Level 6.0 Maces & Flails
 - Level 2.6 Dodging
 - Level 0.1 Stealth


You had 3 spell levels left.
You didn't know any spells.

Dungeon Overview and Level Annotations

Branches:
Dungeon (3/15)

Altars:


Innate Abilities, Weirdness & Mutations

You are too large for most types of armour.
You have tough skin (AC +1).


Message History

You barely miss the orc priest.
The orc priest is almost dead.
Something hits you but does no damage.
The orc priest hits you with a hand axe.
* * * LOW HITPOINT WARNING * * *
The orc hits you but does no damage.
You barely miss the orc priest.
The orc priest is severely wounded.
Something hits you but does no damage. The orc barely misses you.
You barely miss the orc priest.
The orc priest is severely wounded.
The orc priest miscasts a cantrip.
Something hits you.
* * * LOW HITPOINT WARNING * * *
You bludgeon the orc priest!!
You kill the orc priest!
Trog accepts your kill.
Your Maces & Flails skill increases to level 6!
The orc hits you with a dagger.
You die...

.##.........#.####.#
...................##
....................#
...#.........#<.....#
...#..)......#########
...#.................#
...#......††####..##.#
...#........#......#
...#........#.##@).#
...#........# #o{.#
........# .o..#
........# ###..#
...>..... ..# ..# ..#
..#


You could see 2 orcs.

Vanquished Creatures
  An orc priest (D:3)
  An adder (D:2)
  An ooze (D:1)
  An orc (D:3)
  3 ball pythons
  4 giant cockroaches
  11 goblins
  5 hobgoblins
  A quokka (D:2)
  8 bats
  A giant newt (D:2)
  6 kobolds
  6 rats
49 creatures vanquished.

Notes
Turn   | Place    | Note
--------------------------------------------------------------
     0 | D:1      | manyhoops the Ogre Berserker began the quest for the Orb.
     0 | D:1      | Reached XP level 1. HP: 24/24 MP: 1/1
   451 | D:1      | Reached XP level 2. HP: 26/32 MP: 2/2
   721 | D:1      | Reached XP level 3. HP: 32/40 MP: 3/3
   750 | D:1      | Reached ** piety under Trog
   762 | D:1      | Reached skill level 5 in Maces & Flails
  1400 | D:2      | Reached XP level 4. HP: 39/49 MP: 4/4
  1516 | D:2      | Reached skill level 5 in Fighting
  1830 | D:3      | HP: 3/75 [orc priest/hand axe (6)]
  1832 | D:3      | HP: 1/75 [something (3)]
  1833 | D:3      | Reached skill level 6 in Maces & Flails
  1833 | D:3      | Slain by an orc

Skill      XL: |  1  2  3  4 |
---------------+-------------+-----
Maces & Flails | 5 6 |  6.0
Fighting       | 5 |  5.2
Dodging        | |  2.6
Stealth        | |  0.1

Action                   |  1- 3 |  4- 6 || total
-------------------------+-------+-------++-------
Melee: Mace              |   131 |    36 ||   167
Invok: Berserk           |       |     1 ||     1
       Trog's Hand       |       |     1 ||     1
  Use: Scroll            |     2 |       ||     2
 Stab: Sleeping          |     1 |       ||     1
  Eat: Chunk             |     1 |     2 ||     3
Armor: Animal skin       |    11 |       ||    11
       Robe              |    28 |    23 ||    51
Dodge: Dodged            |    75 |    18 ||    93
